 Dungeon Crawl Stone Soup version 0.30-a0-272-gf98c3da03f (webtiles) character file.

Game seed: 16484489504156285484

119 Zonian the Magician (level 5, 0/35 HPs)
             Began as a Djinni Ice Elementalist on Oct 15, 2022.
             Killed from afar by an orc wizard (2 damage)
             ... with a puff of flame
             ... on level 3 of the Dungeon.
             The game lasted 00:06:47 (3227 turns).

Zonian the Magician (Djinni Ice Elementalist)       Turns: 3227, Time: 00:06:47

Health: 0/35       AC:  4    Str:  5 (6)  XL:     5   Next: 24%
Gold:   255        EV: 13    Int: 19 (21) God:
                   SH:  0    Dex: 13 (14)

rFire   + + .      SeeInvis .    c - +0 dagger
rCold   x . .      Faith    .    (no shield)
rNeg    . . .      Spirit   .    a - +0 robe
rPois   ∞          Reflect  .    (helmet restricted)
rElec   .          Harm     .    k - +0 cloak
rCorr   .          Rampage  .    (no gloves)
Will    .....                    (boots unavailable)
Stlth   +.........               (no amulet)
HPRegen 0.25/turn                h - ring of wizardry
MPRegen 0.00/turn                (no ring)

@: confused, mighty, flying, hasted, very quick
A: sickness immunity, fire resistance 2, cold vulnerability 1, float, innate
caster, HP casting, extra vitality 1, horns 1, clever 1, shaggy fur 1
a: no special abilities


You were on level 3 of the Dungeon.
You visited 1 branch of the dungeon, and saw 3 of its levels.

You collected 255 gold pieces.

Inventory:

Hand Weapons
 c - a +0 dagger (weapon)
 l - the +3 war axe of Ihuskurph {holy, Dex+6}
   (You found it on level 2 of the Dungeon)

   It has been blessed by the Shining One to cause great damage to the undead
   and demons.
   Dex:       It affects your dexterity (+6).
Armour
 a - a +0 robe (worn)
 k - a +0 cloak (worn)
Jewellery
 h - a ring of wizardry (left hand)
Scrolls
 b - a scroll of poison {unknown}
 d - a scroll of teleportation
 e - a scroll of immolation {unknown}
 g - 2 scrolls of identify {unknown}
 i - a scroll of vulnerability {unknown}
 p - a scroll of enchant armour {unknown}
Potions
 n - 2 potions of degeneration


   Skills:
 + Level 3.6 Dodging
 + Level 2.8 Stealth
 + Level 3.8 Spellcasting


You couldn't memorise any spells.
You knew the following spells:

 Your Spells              Type           Power      Damage    Failure   Level
a - Freeze                Ice            72%        1d8       1%          1
b - Frozen Ramparts       Ice            36%        1d6       3%          3
c - Ozocubu's Armour      Ice            18%        N/A       3%          3
d - Summon Ice Beast      Ice/Summ       18%        N/A       12%         4
e - Foxfire               Conj/Fire      72%        2x1d7     1%          1
f - Scorch                Fire           36%        2d7       1%          2
Your spell library was empty.

Dungeon Overview and Level Annotations

Branches:
Dungeon (3/15)

Altars:
Nemelex Xobeh


Innate Abilities, Weirdness & Mutations

You are immune to sickness and miasma.
You are immune to poison.
Your flesh is very heat resistant. (rF++)
You are vulnerable to cold. (rC-)
You float through the air rather than walking.
You learn spells naturally, not from books.
Your magical power is your life essence.
You have superior vitality. (+4 MHP)
You have a pair of small horns on your head.
Your mind is acute. (Int +4, Str/Dex -1)
You are covered in fur. (AC +1)


Message History

The wall freezes the worm!
The worm bites you.
* * * LOW HITPOINT WARNING * * *
The wall freezes something.
Something hits you but does no damage.
It was a potion of mutation.
You feel extremely strange. A pair of horns grows on your head!
Fur sprouts all over your body.
You feel clever.
The wall freezes something.
You hear some strange, mumbled words.
A magic dart appears from out of thin air!
The magic dart hits you.
* * * LOW HITPOINT WARNING * * *
The wall freezes the orc priest.
The wall freezes the worm but does no damage.
The worm completely misses you.
It was a potion of haste.
You feel yourself speed up.
The wall freezes something but does no damage.
Something hits you.
* * * LOW HITPOINT WARNING * * *
It was a potion of flight.
You feel more buoyant.
The wall freezes the worm!
The worm misses you.
You aren't carrying any items that you can evoke.
Unknown command.
You puncture the worm!
You kill the worm!
The frozen ramparts melt away.
You hear some strange, mumbled words.
A magic dart appears from out of thin air!
The magic dart hits you.
* * * LOW HITPOINT WARNING * * *
You closely miss something. Your headbutt misses something. You miss something.
You hear some strange, mumbled words.
You are confused.
Okay, then.
You bump into the rock wall.
You hear some strange, mumbled words.
A puff of flame appears from out of thin air!
The puff of flame hits you. You resist.
You die...

'....##.....##
#.##..#......##
#####......#..#
.##.....#####.#
..#####†....#.###
..# #.........# ..#
#.##.#....## .##
#.........).### ##
#........#.{@..#
#.........).o##.#
#........).#......
#..)...>...#........
.......)...#....
.... .........<.#...
.... ..... #...> .
#.


You could see an orc priest.

Vanquished Creatures
  An adder (D:2)
  2 worms (D:3)
  6 dart slugs
  7 orcs (D:3)
  4 endoplasms
  4 giant cockroaches
  8 goblins
  4 hobgoblins
  8 jackals
  4 quokkas
  9 ball pythons
  8 bats
  2 frilled lizards (D:1)
  7 kobolds
  7 rats
81 creatures vanquished.

Vanquished Creatures (others)
  16 foxfires (D:3)
  3 fungi (D:2)
  3 toadstools (D:2)
22 creatures vanquished.

Grand Total: 103 creatures vanquished

Notes
Turn   | Place    | Note
-------+----------+-------------------------------------------
     0 | D:1      | Zonian the Djinni Ice Elementalist began the quest for the
                  | Orb.
     0 | D:1      | Zonian set off with the following spells memorised: Freeze,
                  | Frozen Ramparts, Ozocubu's Armour, Summon Ice Beast.
     0 | D:1      | Reached XP level 1. HP: 15/15 MP: 0/0
   118 | D:1      | Reached XP level 2. HP: 9/21 MP: 0/0
   801 | D:1      | Reached XP level 3. HP: 7/25 MP: 0/0
   801 | D:1      | Learned a level 1 spell: Foxfire
  1592 | D:2      | Reached XP level 4. HP: 31/31 MP: 0/0
  2065 | D:2      | Identified the +3 war axe of Ihuskurph {holy, Dex+6}
  2536 | D:2      | Found a sparkling altar of Nemelex Xobeh.
  2889 | D:3      | Reached XP level 5. HP: 28/35 MP: 0/0
  2889 | D:3      | Learned a level 2 spell: Scorch
  3221 | D:3      | Gained mutation: You have a pair of small horns on your
                  | head. [potion of mutation]
  3221 | D:3      | Gained mutation: You are covered in fur. (AC +1) [potion of
                  | mutation]
  3221 | D:3      | Gained mutation: Your mind is acute. (Int +4, Str/Dex -1)
                  | [potion of mutation]
  3224 | D:3      | HP: 1/35 [something/magic dart (2)]
  3227 | D:3      | Killed from afar by an orc wizard

Illustrated notes

Levels and vault maps discovered:
D:1:      dpeg_arrival_chambers_temple_mockup, layout_basic
D:2:      layout_rooms, basic_altar, chequers_serial_rivers_small_3,
          serial_bayou_pond_d, moated_statue, minmay_gold_behind_fungi,
          minmay_misc_feat_cross
D:3:      minmay_octagon_keep, layout_rooms,
          mainiacjoe_overflow_concentric_impassable

Skill      XL: |  1  2  3 |
---------------+----------+-----
Stealth        | 2 |  2.8
Dodging        | 3 |  3.6
Spellcasting   | |  3.8

Action                   |  1- 3 |  4- 6 || total
-------------------------+-------+-------++-------
Melee: Dagger            |    79 |    66 ||   145
       Punch             |       |     1 ||     1
 Cast: Freeze            |    32 |    44 ||    76
       Foxfire           |       |    10 ||    10
       Frozen Ramparts   |       |     1 ||     1
  Use: Potion            |     1 |     5 ||     6
       Scroll            |       |     1 ||     1
 Stab: Sleeping          |     5 |     3 ||     8
Armor: Robe              |    11 |    27 ||    38
Dodge: Dodged            |    73 |    77 ||   150

Table legend: (Time is in decaauts)
 A = Elapsed time spent in this place.
 B = Non-inter-level travel time spent in this place.
 C = Inter-level travel time spent in this place.
 D = Time resting spent in this place.
 E = Time spent auto-exploring this place.
 F = Levels seen in this place.
 G = Mean time per level.
                   A        B        C        D        E       F      G
               +--------+--------+--------+--------+--------+-----+--------+
         Total |   3232 |   3176 |     56 |   1334 |   1223 |   3 | 1077.3 |
       Dungeon |   3232 |   3176 |     56 |   1334 |   1223 |   3 | 1077.3 |
               +--------+--------+--------+--------+--------+-----+--------+

Top non-repeatable levels by time:
     D:1: 1520 daAuts
     D:2: 1122 daAuts
     D:3: 589 daAuts
